 Dungeon Crawl Stone Soup version 0.23-a0-183-gf37f6fb (webtiles) character file.

2938 Felrender the Carver (level 9, -6/78 HPs)
             Began as a Minotaur Fighter on Sept 22, 2018.
             Was a Follower of Trog.
             Killed from afar by a deep elf mage (8 damage)
             ... with a bolt of lightning
             ... on level 8 of the Dungeon.
             The game lasted 00:16:08 (6006 turns).

Felrender the Carver (Minotaur Fighter)             Turns: 6006, Time: 00:16:08

Health: -6/78      AC: 14    Str: 27    XL:     9   Next: 51%
Magic:  8/8        EV:  8    Int:  5    God:    Trog [*.....]
Gold:   291        SH: 12    Dex: 12    Spells: 8/8 levels left

rFire    . . .     SeeInvis .   a - +0 long sword
rCold    . . .     Gourm    .   c - +0 shield
rNeg     . . .     Faith    .   e - +1 chain mail
rPois    .         Spirit   .   (helmet restricted)
rElec    .         Reflect  .   l - +0 cloak
rCorr    .         Harm     .   (no gloves)
MR       .....                  y - +0 pair of boots
Stlth    ..........             (no amulet)
HPRegen  0.23/turn              (no ring)
MPRegen  0.11/turn              (no ring)

@: mighty
A: retaliatory headbutt, horns 2
a: Berserk, Renounce Religion


You were on level 8 of the Dungeon.
You worshipped Trog.
Trog was aware of your devotion.
You were not hungry.

You visited 1 branch of the dungeon, and saw 8 of its levels.
You visited the Abyss 1 time.

You collected 291 gold pieces.

Inventory:

Hand Weapons
 a - a +0 long sword (weapon)
 j - a +1 hand axe of chopping
 k - a +2 quarterstaff of chaos
 t - the +10 falchion of Quick Death {slice, +Rage Str+4}
   (You found it on level 5 of the Dungeon)

   It inflicts extra damage upon your enemies.
   It affects your strength (+4).
   It lets you go berserk.
Armour
 c - a +0 shield (worn)
 e - a +1 chain mail (worn)
 l - a +0 cloak (worn)
 m - a +1 robe of the Archmagi
 y - a +0 pair of boots (worn)
Jewellery
 o - a +3 ring of slaying {unknown}
 u - a cursed -2 ring of dexterity {unknown}
 B - an uncursed amulet of rage {unknown}
 D - the ring "Zikhleq" {Fire Int+4 Stlth+, unknown}
   (You found it on level 7 of the Dungeon)

   [ring of fire]

   It enhances your fire magic.
   It affects your intelligence (+4).
   It protects you from fire.
   It makes you vulnerable to cold.
   It makes you more stealthy.
 F - an uncursed ring of wizardry {unknown}
Wands
 q - a wand of random effects (27)
 r - a wand of acid (9)
 v - a wand of polymorph (7)
Scrolls
 i - 7 scrolls of remove curse
 p - 2 scrolls of enchant weapon {unknown}
 s - a scroll of enchant armour
 C - 3 scrolls of teleportation {unknown}
Potions
 b - 3 potions of flight
 g - a potion of invisibility {unknown}
 h - a potion of cancellation {unknown}
 n - a potion of brilliance
 w - a potion of mutation {unknown}
 x - a potion of heal wounds {unknown}
 z - 2 potions of agility {unknown}
 A - a potion of haste {unknown}
Comestibles
 f - 17 rations
 E - 5 chunks of flesh


   Skills:
 + Level 6.9 Fighting
 + Level 10.5 Long Blades
 + Level 7.5 Armour
 + Level 3.0 Dodging
 + Level 8.1 Shields
 + Level 0.9 Evocations


You had 8 spell levels left.
You didn't know any spells.
Your spell library was empty.

Dungeon Overview and Level Annotations

Branches:
Dungeon (8/15)             Temple (0/1) D:6
   Lair: D:8-11

Altars:
Fedhas
Hepliaklqana
Kikubaaqudgha
Makhleb
Ru
Trog
Zin


Innate Abilities, Weirdness & Mutations

You reflexively headbutt those who attack you in melee.
You have a pair of horns on your head.


Message History

The deep elf mage points at you and mumbles some strange words.
The bolt of lightning hits you!
* * * LOW HITPOINT WARNING * * *
You hit the deep elf mage.
The deep elf mage is lightly wounded.
You block the deep elf mage's attack.
You feel very mighty all of a sudden. You block the deep elf mage's attack.
You slash the deep elf mage!
The deep elf mage is moderately wounded.
The deep elf mage casts a spell at you. The bolt of lightning hits you!
* * * LOW HITPOINT WARNING * * *
You slash the deep elf mage!
The deep elf mage is heavily wounded.
The deep elf mage mumbles some strange words.
The deep elf mage blinks!
The deep elf mage gestures at you while chanting.
The bolt of lightning hits you!
You die...

... #.. ##..# #...#
##...# ##....#
###.....# #....@..# .
##.......## ..#
####........:#
....####.....####....#
..........e..# #....#
............<## ##....
##########.รท..# ....
##.### ... ##.#


You could see a deep elf mage.

Vanquished Creatures
  A smoke demon (Abyss:1)
  Sigmund (D:6)
  Duvessa (D:5)
  A black bear (D:6)
  An orc warrior (D:6)
  3 ogres
  2 phantoms
  A necrophage (D:7)
  4 centaurs
  4 bullfrogs
  Dowan (D:5)
  A water moccasin zombie (D:2)
  A howler monkey (D:4)
  4 crimson imps
  A bullfrog zombie (D:7)
  2 hounds (D:4)
  4 orc wizards
  A centaur skeleton (D:7)
  An orc priest (D:4)
  Jessica (D:3)
  Crazy Yiuf (D:2)
  4 iguanas
  4 worker ants
  A hound zombie (D:6)
  2 hound skeletons
  Robin (D:2)
  12 adders
  2 oozes
  An adder skeleton (D:5)
  A worm (D:2)
  3 dart slugs (D:1)
  4 leopard geckos
  24 orcs
  7 bats
  6 giant cockroaches
  18 goblins
  10 hobgoblins
  3 jackals (D:5)
  6 kobolds
  3 quokkas
  3 frilled lizards
  A quokka skeleton (D:7)
  6 rats
159 creatures vanquished.

Notes
Turn   | Place    | Note
-------+----------+-------------------------------------------
     0 | D:1      | Felrender the Minotaur Fighter began the quest for the Orb.
     0 | D:1      | Reached XP level 1. HP: 19/19 MP: 0/0
   175 | D:1      | Reached XP level 2. HP: 25/27 MP: 1/1
   424 | D:1      | Reached XP level 3. HP: 31/33 MP: 2/2
   658 | D:2      | Reached skill level 3 in Long Blades
   714 | D:2      | Reached skill level 4 in Long Blades
   714 | D:2      | Reached XP level 4. HP: 24/41 MP: 3/3
  1103 | D:2      | Noticed a phantom
  1142 | D:2      | Killed a phantom
  1142 | D:2      | Reached XP level 5. HP: 33/47 MP: 4/4
  1345 | D:2      | Reached skill level 1 in Dodging
  1489 | D:2      | Found a runed door.
  1541 | D:2      | Reached skill level 5 in Shields
  1577 | D:2      | Noticed Crazy Yiuf
  1583 | D:2      | Killed Crazy Yiuf
  1583 | D:2      | Reached XP level 6. HP: 39/53 MP: 0/5
  1723 | D:2      | Noticed Robin
  1731 | D:2      | Killed Robin
  1731 | D:2      | Reached skill level 5 in Long Blades
  1840 | D:3      | Noticed Jessica
  1925 | D:3      | Killed Jessica
  1976 | D:3      | Found a hazy altar of Hepliaklqana.
  1979 | D:3      | Found a glowing silver altar of Zin.
  1982 | D:3      | Found an ancient bone altar of Kikubaaqudgha.
  1985 | D:3      | Found a sacrificial altar of Ru.
  2589 | D:4      | Reached skill level 5 in Armour
  2747 | D:4      | Reached skill level 5 in Fighting
  2848 | D:4      | Found a bloodstained altar of Trog.
  2904 | D:4      | Became a worshipper of Trog the Wrathful
  3017 | D:4      | Reached XP level 7. HP: 59/61 MP: 6/6
  3063 | D:4      | Reached skill level 6 in Long Blades
  3303 | D:5      | Entered Level 5 of the Dungeon
  3628 | D:5      | Got an ancient falchion
  3629 | D:5      | Identified the +10 falchion of Quick Death {slice, +Rage
                  | Str+4} (You found it on level 5 of the Dungeon)
  3851 | D:5      | Noticed Dowan
  3852 | D:5      | Noticed Duvessa
  3871 | D:5      | Cast into level 1 of the Abyss (Duvessa)
  3906 | Abyss:1  | Noticed a smoke demon
  3915 | Abyss:1  | Killed a smoke demon
  3915 | Abyss:1  | Reached skill level 7 in Long Blades
  3915 | Abyss:1  | Reached XP level 8. HP: 18/69 MP: 7/7
  3923 | D:5      | Escaped the Abyss
  3928 | D:5      | Killed Duvessa
  4259 | D:5      | Found a blossoming altar of Fedhas.
  4275 | D:5      | Killed Dowan
  4275 | D:5      | Reached skill level 8 in Long Blades
  4480 | D:6      | Found a staircase to the Ecumenical Temple.
  4482 | D:6      | Reached * piety under Trog
  4529 | D:6      | Noticed Sigmund
  4540 | D:6      | Killed Sigmund
  4540 | D:6      | Reached skill level 9 in Long Blades
  4603 | D:6      | Reached XP level 9. HP: 75/75 MP: 8/8
  5221 | D:7      | Reached skill level 10 in Long Blades
  5467 | D:7      | Got a sparkling jade ring
  5590 | D:7      | Found a burning altar of Makhleb.
  5998 | D:8      | Noticed a deep elf mage
  6004 | D:8      | HP: 1/78 [deep elf mage/bolt of lightning (23)]
  6006 | D:8      | Killed from afar by a deep elf mage

Vault maps used:
D:1:      minmay_arrival_up_and_down, nrook_mini_vaults, serial_bayou_crossing
D:2:      first_ration, uniq_crazy_yiuf_cottage, uniq_robin
D:3:      grunt_temple_overflow_cloverleaf, uniq_jessica
D:4:      trog_eyes_of_draining
D:5:      cheibrodos_helix_gallery, basic_altar, uniq_duvessa
D:6:      minmay_temple_entry_grid, hangedman_abyss_or_decor_stagger,
          uniq_sigmund
D:7:      makhleb_blood_cavern_becter
D:8:      enter_bailey_3, nicolae_ossuary_entry_catacombs, st_stairs_14,
          grunt_ogre_cave

Skill      XL: |  1  2  3  4  5  6  7  8  9 |
---------------+----------------------------+-----
Armour         | 4 5 6 7 |  7.5
Fighting       | 4 5 6 |  6.9
Shields        | 4 5 6 7 8 |  8.1
Long Blades    | 4 5 7 9 10 | 10.5
Dodging        | 1 2 3 |  3.0
Evocations     | |  0.9

Action                   |  1- 3 |  4- 6 |  7- 9 || total
-------------------------+-------+-------+-------++-------
Melee: Long sword        |    67 |   191 |   186 ||   444
       Headbutt          |     7 |    36 |    47 ||    90
       Falchion          |       |       |    58 ||    58
 Abil: Evoke Berserk Rag |       |       |     1 ||     1
  Use: Scroll            |     3 |     2 |     5 ||    10
       Potion            |       |       |     4 ||     4
  Eat: Chunk             |       |     5 |     6 ||    11
       Ration            |       |     1 |     1 ||     2
Armor: Scale mail        |     9 |       |       ||     9
       Chain mail        |    24 |    70 |    96 ||   190
Dodge: Dodged            |    15 |    31 |    53 ||    99
Block: Shield            |    34 |    83 |   129 ||   246
       Rpst.: Long sword |     3 |     5 |    10 ||    18
       Falchion          |       |       |     1 ||     1

Table legend:
 A = Non-vault XP
 B = Vault XP
 C = Vault XP percentage of total XP
 D = Non-vault monster count
 E = Vault monster count
 F = Vault count percentage of total count
                 A         B        C        D         E       F
            +---------+---------+-------+---------+---------+-------
      Total |    3344 |     854 |  20.3 |     137 |      22 |  13.8
            +---------+---------+-------+---------+---------+-------
        D:1 |      42 |       0 |   0.0 |      21 |       0 |   0.0
        D:2 |     300 |      70 |  18.9 |      28 |      12 |  30.0
        D:3 |      49 |      37 |  43.0 |      20 |       1 |   4.8
        D:4 |     354 |       4 |   1.1 |      19 |       2 |   9.5
        D:5 |     306 |     259 |  45.8 |      13 |       3 |  18.8
        D:6 |    1342 |     223 |  14.2 |      20 |       1 |   4.8
        D:7 |     484 |     139 |  22.3 |      14 |       2 |  12.5
        D:8 |      34 |     122 |  78.2 |       1 |       1 |  50.0
    Abyss:1 |     433 |       0 |   0.0 |       1 |       0 |   0.0
            +---------+---------+-------+---------+---------+-------
